Map: Year Zero LE

Players

ShaDoWn

  • Race: Protoss Protoss
  • Spawn Location: 1:00

HeroMarine - Winner!

  • Race: Terran Terran
  • Spawn Location: 11:00

Event: 2019 WCS Winter Europe

VOD

Have the link to the VOD?

Description

Time

  • Played on: Feb. 1, 2019, 11:26 a.m.
  • Length: 18:34

All games in this series

Show
View Real Time Build Order
Export as new Build Order

ShaDoWn Protoss 

Build Orders: 1 Gate Expand, Blink Stalkers 

Get SALT Encoding   

  12  0:00  Probe  
  13  0:12  Probe  
  14  0:17  Pylon  
  14  0:24  Probe  
  15  0:32  Probe  
  15  0:40  Probe, Gateway  
  16  0:47  Assimilator  
  17  0:51  Probe  
  18  1:03  Probe  
  19  1:15  Probe  
  20  1:24  Nexus  
  20  1:33  Cybernetics Core  
  20  1:37  Probe  
  21  1:44  Assimilator  
  21  1:49  Probe  
  21  1:53  Pylon  
  22  2:01  Probe, Adept  
  23  2:10  Warp Gate  
  23  2:13  Probe  
  26  2:25  Probe  
  27  2:31  Stalker  
  27  2:33  Probe  
  27  2:34  Probe  
  27  2:36  Twilight Council  
  30  2:41  Probe  
  30  2:42  Probe  
  31  2:51  Probe  
  33  2:53  Probe  
  33  2:58  Robotics Facility  
  34  3:03  Probe  
  34  3:05  Probe  
  36  3:15  Probe  
  36  3:17  Probe  
  38  3:20  Blink  
  38  3:24  Stalker  
  38  3:27  Probe  
  38  3:29  Probe  
  40  3:35  Pylon  
  40  3:39  Probe  
  40  3:41  Observer, Probe  
  45  3:51  Probe  
  45  3:52  Gateway  
  45  3:53  Probe, Gateway  
  47  3:56  Shield Battery  
  47  3:59  Observer  
  47  4:01  Stalker  
  50  4:03  Probe  
  50  4:06  Probe  
  50  4:07  Assimilator  
  52  4:11  Pylon  
  52  4:15  Probe  
  53  4:18  Probe  
  54  4:29  Stalker, Probe  
  54  4:30  Probe  
  58  4:37  Nexus  
  58  4:40  Pylon  
  58  4:41  Probe  
  58  4:42  Probe  
  60  4:48  Observer  
  60  4:53  Assimilator, Probe  
  60  4:58  Stalker x3  
  67  5:01  Pylon  
  67  5:05  Forge  
  67  5:09  Dark Shrine  
  67  5:10  Immortal  
  69  5:14  Pylon  
  71  5:23  Protoss Ground Armor Level 1  
  71  5:28  Sentry, Gateway x2  
  73  5:30  Charge  
  73  5:35  Gateway  
  73  5:38  Gateway  
  73  5:44  Immortal  
  77  6:07  Probe  
  77  6:08  Probe  
  77  6:10  Stalker x2  
  81  6:11  Probe  
  82  6:23  Dark Templar  
  82  6:24  Dark Templar  
  87  6:27  Zealot  
  87  6:29  Pylon  
  87  6:31  Pylon  
  88  6:39  Zealot x4  
  96  6:41  Pylon  
  96  6:53  Immortal  
  100  6:57  Zealot x3  
  106  7:02  Zealot x2  
  110  7:14  Zealot x2  
  114  7:16  Pylon  
  114  7:27  Protoss Ground Armor Level 2  
  114  7:28  Probe  
  115  7:31  Probe  
  115  7:35  Pylon  
  116  7:40  Stalker  
  116  7:41  Stalker  
  116  7:54  Probe  
  112  7:59  Probe  
  112  8:01  Warp Prism  
  112  8:02  Probe  
  112  8:03  Probe  
  116  8:06  Pylon  
  116  8:07  Probe  
  116  8:10  Probe  
  116  8:11  Probe  
  116  8:12  Robotics Bay, Forge  
  118  8:15  Probe  
  118  8:19  Probe  
  121  8:20  Probe  
  121  8:23  Probe  
  123  8:30  Stalker x3, Probe  
  123  8:32  Probe  
  132  8:35  Probe  
  133  8:42  Probe, Robotics Facility  
  133  8:44  Probe  
  133  8:47  Probe  
  136  8:54  Probe  
  136  8:55  Assimilator, Pylon  
  135  8:56  Assimilator  
  135  8:57  Probe  
  135  8:58  Colossus  
  129  9:08  Protoss Ground Weapons Level 1  
  124  9:15  Nexus  
  124  9:16  Extended Thermal Lance  
  124  9:24  Colossus  
  124  9:27  Sentry x2  
  127  9:35  Protoss Ground Armor Level 3  
  133  9:41  Pylon  
  133  9:51  Colossus  
  139  9:54  Probe  
  139  9:55  Probe x2  
  142  10:06  Probe  
  142  10:07  Probe  
  144  10:09  Probe  
  144  10:10  Assimilator  
  144  10:13  Assimilator  
  145  10:14  Pylon  
  145  10:17  Colossus  
  145  10:21  Dark Templar  
  153  10:33  Probe x2  
  155  10:40  Stargate  
  161  11:01  Zealot x7  
  175  11:11  Disruptor  
  175  11:16  Disruptor  
  173  11:24  Pylon  
  173  11:25  Pylon  
  173  11:26  Protoss Ground Weapons Level 2  
  173  11:27  Pylon  
  173  11:29  Gateway  
  173  11:30  Gateway  
  173  11:33  Gateway  
  173  11:35  Templar Archives  
  171  11:42  Oracle  
  174  11:47  Stalker x3  
  174  11:48  Stalker  
  180  11:54  Disruptor  
  181  12:03  Zealot x3  
  187  12:14  Zealot x4  
  167  12:35  High Templar x4  
  167  12:36  High Templar x6  
  183  12:43  Archon x2  
  183  12:44  Archon x2  
  174  12:53  Archon  
  163  13:09  Zealot x7, Dark Templar  
  170  13:13  Disruptor  
  143  13:32  Dark Templar x2  
  143  13:34  Dark Templar x2  
  130  13:42  Zealot x4  
  130  13:44  Warp Prism  
  138  13:48  Colossus  
  140  14:04  Dark Templar x2  
  140  14:05  Zealot x4  
  143  14:11  Probe  
  143  14:14  Probe  
  143  14:15  Probe  
  127  14:18  Probe  
  127  14:19  Probe  
  129  14:27  Probe  
  129  14:28  Probe  
  129  14:31  Probe  
  131  14:39  Probe  
  130  14:50  Probe  
  130  14:52  Stalker x7  
  143  14:55  Probe  
  144  15:01  Probe  
  125  15:24  High Templar  
  125  15:25  Stalker x3, High Templar  
  114  15:37  Pylon  
  114  15:38  Archon  
  114  15:55  Dark Templar  
  114  15:56  Stalker x3  
  119  16:06  Dark Templar  
  103  16:24  Zealot x4  
  88  16:59  Stalker x2  
  67  17:39  Zealot x2  
  67  17:40  Zealot x3  
  45  18:17  Zealot x4  
Show
View Real Time Build Order
Export as new Build Order

HeroMarine Terran - Winner!

Build Orders:  

Get SALT Encoding   

  12  0:00  SCV  
  13  0:12  SCV  
  14  0:17  Supply Depot  
  14  0:24  SCV  
  15  0:29  Refinery  
  15  0:39  SCV  
  16  0:45  Barracks  
  16  0:51  SCV  
  17  1:03  SCV  
  18  1:15  SCV  
  20  1:32  Reaper, Orbital Command  
  20  1:50  Command Center  
  20  1:58  Factory  
  20  1:59  SCV  
  21  2:06  Barracks Reactor  
  21  2:11  SCV  
  22  2:16  Supply Depot  
  22  2:19  Refinery  
  22  2:23  SCV  
  23  2:37  SCV  
  23  2:43  Widow Mine, Marine x2  
  28  2:49  SCV  
  28  2:50  Starport  
  29  3:01  Marine x2  
  29  3:04  SCV  
  32  3:06  Orbital Command  
  32  3:10  Widow Mine  
  34  3:16  SCV  
  35  3:21  Marine x2  
  37  3:27  Medivac  
  37  3:30  SCV  
  37  3:31  Widow Mine  
  37  3:32  SCV  
  42  3:36  Supply Depot  
  42  3:42  SCV  
  42  3:44  SCV, Marine x2  
  46  3:52  Barracks  
  46  3:58  SCV x2  
  48  4:05  Marine x2  
  48  4:06  Barracks  
  50  4:10  Supply Depot  
  50  4:11  SCV x2  
  52  4:17  Engineering Bay  
  52  4:23  SCV x2  
  54  4:24  Factory Tech Lab  
  54  4:25  Starport Tech Lab  
  54  4:31  Marine x2  
  54  4:35  SCV  
  54  4:36  SCV  
  58  4:48  SCV x2  
  58  4:50  Marine x2  
  62  4:55  Supply Depot  
  62  4:58  Starport Reactor  
  62  4:59  Factory Reactor  
  62  5:00  Stimpack  
  62  5:01  Terran Infantry Weapons Level 1  
  62  5:04  Supply Depot  
  62  5:17  SCV, Combat Shield, Marauder x2  
  62  5:18  SCV  
  62  5:19  Marine x2  
  70  5:29  Supply Depot  
  70  5:30  Supply Depot  
  70  5:34  Medivac x2  
  74  5:42  Marine x4  
  78  5:47  Command Center  
  78  5:51  SCV x2  
  80  5:59  Marine x2  
  80  6:00  Missile Turret, Marine x2  
  84  6:06  Medivac x2  
  84  6:08  SCV x2  
  90  6:18  Refinery x2  
  90  6:19  Supply Depot  
  90  6:21  SCV x2, Supply Depot  
  92  6:33  SCV x2  
  92  6:34  Barracks  
  92  6:35  Barracks  
  92  6:36  Concussive Shells  
  94  6:41  Marauder x2  
  94  6:44  Widow Mine x2  
  94  6:45  SCV  
  94  6:46  SCV  
  104  6:56  Terran Infantry Armor Level 1  
  104  6:58  SCV x2  
  104  7:00  Orbital Command  
  106  7:02  Marine  
  106  7:03  Marauder x2, Marine  
  112  7:10  SCV x2  
  114  7:20  Marine  
  114  7:21  Marine  
  114  7:22  Barracks Tech Lab, Barracks Reactor  
  116  7:24  Marauder x2  
  116  7:26  SCV x2  
  116  7:28  Widow Mine x2  
  123  7:43  SCV x2  
  125  7:46  Marauder  
  125  7:48  Fusion Core  
  125  7:50  Starport  
  125  7:51  Marauder  
  125  7:53  Marine x2  
  125  7:56  Marine  
  122  8:01  Missile Turret, Marine  
  122  8:02  Marine  
  118  8:06  Medivac  
  118  8:07  Marine  
  118  8:08  Medivac  
  118  8:11  Marine x2  
  124  8:13  Marine  
  124  8:19  Marine x3  
  126  8:24  Orbital Command  
  126  8:25  Marine  
  131  8:28  Marine  
  131  8:30  Starport Tech Lab  
  131  8:31  Marine  
  131  8:33  Marine  
  131  8:37  Supply Depot, Marine  
  131  8:38  Supply Depot  
  132  8:43  SCV x2, Missile Turret, Liberator x2  
  130  8:50  SCV  
  130  8:52  Liberator  
  130  8:53  Advanced Ballistics  
  130  8:55  SCV x2  
  130  9:02  SCV  
  136  9:07  SCV  
  136  9:08  SCV  
  140  9:16  Sensor Tower  
  140  9:17  Refinery  
  140  9:18  Refinery  
  140  9:19  SCV  
  140  9:20  SCV x2  
  143  9:24  Marine x3  
  143  9:26  Liberator x2  
  146  9:35  Supply Depot  
  146  9:37  Liberator  
  150  9:41  Supply Depot  
  150  9:44  Missile Turret  
  154  9:46  Missile Turret  
  154  9:47  Missile Turret  
  152  9:53  Supply Depot x2  
  152  9:59  Supply Depot  
  155  10:00  Marauder  
  155  10:01  Marauder  
  155  10:02  Marine  
  155  10:03  Marauder  
  162  10:09  Liberator x2, Marine x3  
  162  10:14  Armory  
  165  10:22  Marauder x2  
  165  10:25  Marauder  
  177  10:28  Marine  
  177  10:29  Marine x3  
  181  10:37  Supply Depot  
  181  10:40  Engineering Bay, Liberator x2  
  181  10:43  Marauder  
  181  10:45  Marauder  
  181  10:46  Marauder, Marine x2  
  192  11:05  Marauder  
  192  11:15  Viking x2  
  192  11:16  Terran Infantry Weapons Level 2  
  194  11:19  Marauder  
  194  11:22  Command Center  
  194  11:24  Barracks x2  
  194  11:25  Barracks  
  196  11:27  Marine x2  
  196  11:32  SCV x3  
  196  11:44  SCV  
  186  11:47  Marauder x2, Marine  
  186  11:48  Marine x3  
  186  11:49  Marine  
  195  11:55  Viking x2  
  195  11:58  Terran Infantry Armor Level 2  
  196  12:05  Marine  
  196  12:08  Marauder  
  193  12:15  Marauder x2, Marine x2  
  187  12:22  Marine x2  
  173  12:27  Liberator  
  173  12:29  Marauder  
  169  12:30  Viking x2  
  169  12:37  Marauder  
  172  12:39  Marine x2  
  172  12:41  Marauder  
  172  12:42  Liberator  
  174  12:49  Marine x2  
  179  12:51  Marine  
  179  12:52  Marine  
  181  13:02  Marauder  
  176  13:14  Marauder, Marine  
  176  13:16  Marine x2  
  176  13:17  Liberator x2, Marine  
  176  13:18  Marine  
  171  13:24  Marine  
  171  13:25  Marine  
  163  13:33  Liberator  
  163  13:34  Liberator  
  157  13:37  Marauder  
  156  13:43  Marauder  
  157  14:00  Liberator x2  
  145  14:11  Marine  
  145  14:16  Marine  
  153  14:26  Marine  
  153  14:29  Orbital Command  
  154  14:36  Marine  
  145  14:57  Planetary Fortress  
  145  15:02  Marauder  
  147  15:11  Marauder  
  150  15:14  Marauder  
  150  15:20  Orbital Command  
  150  15:28  Orbital Command  
  150  15:32  Marauder x2  
  150  15:35  Marauder  
  156  15:45  Missile Turret  
  156  15:47  Marine  
  157  15:53  Marauder  
  156  16:03  Marauder x2  
  159  16:04  Marine  
  160  16:15  Marauder  
  157  16:24  Marauder  
  157  16:25  Marauder  
  161  16:31  Marine x2  
  161  16:32  Marine  
  161  16:36  Marauder  
  161  16:37  Marine x2  
  161  16:46  Marauder, Marine  
  164  16:49  Marine x3  
  167  16:54  Marine x2  
  167  16:57  Marine  
  168  17:03  Marine  
  168  17:06  Medivac  
  171  17:11  Supply Depot x2  
  171  17:14  Medivac x2  
  172  17:18  Supply Depot  
  172  17:19  Supply Depot  
  172  17:21  Marauder, Medivac  
  165  17:30  Marauder  
  165  17:31  Marauder  
  169  17:37  Marine x4  
  169  17:38  Marine  
  169  17:40  Refinery x2  
  169  17:42  Marine  
  153  17:51  Marine x2  
  153  17:55  Marine x5  
  137  18:00  Marine  
  132  18:09  Marine x2  
  127  18:13  Marine x5  
Tags
 
Add a new tag
Caveats
  • Supply blocks, unpowered buildings, or Contaminate may cause inaccurate times.
  • Supply counts are checked every 10 seconds.